 Dungeon Crawl Stone Soup version 0.20-a0-256-gabb291d (webtiles) character file.

7951 Darkfold the Blocker (level 11, -20/64 HPs)
             Began as a Gargoyle Fighter on Dec 1, 2016.
             Was an Elder of Trog.
             Demolished by a titanic slime creature (56 damage)
             ... on level 9 of the Dungeon on Dec 2, 2016.
             The game lasted 00:59:52 (10412 turns).

Darkfold the Blocker (Gargoyle Fighter)            Turns: 10412, Time: 00:59:53

Health: -20/64     AC: 25    Str: 22    XL:     11   Next: 23%
Magic:  11/11      EV:  6    Int:  9    God:    Trog [****..]
Gold:   572        SH: 12    Dex: 10    Spells: 10/10 levels left

rFire  + . .     SeeInvis +     t - +4 falchion (slice)
rCold  + . .     Gourm    .     x - +0 plate armour
rNeg   + . .     Faith    .     c - +0 shield
rPois  ∞         Spirit   .     (no helmet)
rElec  +         Reflect  .     (no cloak)
rCorr  .         Harm     .     s - +0 pair of gloves
MR     .....                    r - +1 pair of boots
Stlth  ..........               O - amulet of regeneration
                                P - ring of protection from cold
                                j - ring of see invisible

@: no status effects
A: fire resistance 1, negative energy resistance 1, electricity resistance,
unbreathing, evolution 1, petrification resistance, rot immunity, AC +7
a: Berserk, Trog's Hand, Brothers in Arms, Burn Spellbooks, Renounce Religion


You were on level 9 of the Dungeon.
You worshipped Trog.
Trog was greatly pleased with you.
You were not hungry.

You visited 1 branch of the dungeon, and saw 9 of its levels.

You collected 572 gold pieces.

Inventory:

Hand Weapons
 t - a +4 falchion of slicing (weapon)
 I - a +3 flail
Missiles
 y - 5 javelins (quivered)
Armour
 c - a +0 shield (worn)
 r - a +1 pair of boots (worn)
 s - a +0 pair of gloves (worn)
 x - a +0 plate armour (worn)
Jewellery
 j - a ring of see invisible (left hand)
 G - an uncursed ring of positive energy
 K - an uncursed ring of magical power
 O - an amulet of regeneration (around neck)
 P - a ring of protection from cold (right hand)
Wands
 z - a wand of polymorph (7/24)
 H - a wand of lightning (8/15)
Scrolls
 b - a scroll of identify
 h - 4 scrolls of teleportation
 i - a scroll of brand weapon {unknown}
 k - 2 scrolls of noise {unknown}
 l - a scroll of amnesia {unknown}
 m - a scroll of fog
 A - a scroll of blinking {unknown}
 E - 2 scrolls of recharging {unknown}
 F - 2 scrolls of enchant armour {unknown}
Potions
 a - a potion of mutation {unknown}
 d - 2 potions of might
 e - a potion of flight {unknown}
 g - 2 potions of agility
 p - 2 potions of cure mutation
 u - 4 potions of lignification
 B - a potion of degeneration {unknown}
 C - a potion of cancellation {unknown}
 D - 3 potions of heal wounds {unknown}
Books
 J - a book of Callings

   Spells                             Type                      Level
   a - Summon Small Mammal            Summoning                    1
   b - Call Imp                       Summoning                    2
   c - Call Canine Familiar           Summoning                    3
   d - Summon Guardian Golem          Hexes/Summoning              3
   e - Summon Lightning Spire         Summoning/Air                4
   f - Summon Ice Beast               Ice/Summoning                4
   Trog disapproves of the use of such an item.
Comestibles
 f - 10 bread rations
 n - 2 beef jerkies
 o - 4 slices of pizza
 q - 9 chunks of flesh
 w - 7 meat rations
 M - a royal jelly


   Skills:
 - Level 5.9 Fighting
 - Level 9.0 Long Blades
   Level 4.1(4.7) Axes
 - Level 3.8(4.8) Maces & Flails
 - Level 9.4 Armour
 + Level 10.2 Shields


You had 10 spell levels left.
You didn't know any spells.

Dungeon Overview and Level Annotations

Branches:
Dungeon (9/15)             Temple (0/1) D:6
   Lair: D:8-11         Orc: D:9-12

Altars:
Cheibriados
Dithmenos
Hepliaklqana
Makhleb
Nemelex Xobeh
Okawaru
Trog
Xom
Yredelemnul
The Shining One


Innate Abilities, Weirdness & Mutations

You are resistant to torment.
Your stone body is resilient. (AC +7)
You are immune to poison.
You resist negative energy. (rN+)
You are resistant to electric shocks. (rElec)
You can survive without breathing.
You are immune to petrification.
You are immune to rotting.
Your flesh is heat resistant. (rF+)
You evolve.


Message History

The slime creature hits you but does no damage.
Two slime creatures merge to form an enormous slime creature.
The orc warrior hits you with a dire flail!
The orc wizard mumbles some strange words.
The orc wizard flickers and vanishes for a moment.
The orc hits you but does no damage.
Your shield and plate armour prevent you from hitting the slime creature.
The slime creature is severely wounded.
Two slime creatures merge to form a titanic slime creature.
The slime creature hits you. You block the orc's attack.
The orc warrior hits you but does no damage.
You slash the slime creature!
The slime creature is severely wounded.
The slime creature hits you.
Your plate armour prevents you from hitting the slime creature.
The slime creature is severely wounded.
You block the orc's attack. You block the orc warrior's attack.
The titanic slime creature hits you!!!
Ouch! That really hurt!
You die...

#.#.#..........#.# #.# #.#.
###.#.##.#####...#.####.## #.#.
.........................#
##.#.
.####.####################
#...# )# #.###8###.###.## 8##
#.... .####.##...#.).#...#...#
###.. .##....................#
#.. .##.##.........oJo.....'
#.. .#...#..........@J.....#
#.. .......#...#...#.o.#...#
#.. .......##.###8###8## # #..
#....[.################ #..
##...#.# #.##)# #.#.# #..
##(##.#####.##.# #.#.# #..
#(##..........# #.#.# #..
#(########.######.#.#########..
#(# #.#...................


You could see a titanic slime creature, a slime creature, an orc warrior, an orc
wizard (invisible) and an orc.

Vanquished Creatures
  Pikel (D:4)
  A hill giant (D:6)
  A hornet (D:9)
  Grinder (D:5)
  Prince Ribbit (D:7)
  5 hippogriffs
  A spriggan (D:7)
  A shadow (D:8)
  2 wraiths (D:7)
  Grum (D:8)
  The ghost of ninjaorigami the Digger, an amateur GrEE (D:3)
  3 sky beasts
  7 orc warriors
  A black bear (D:8)
  An ice beast (D:9)
  4 slaves (D:4)
  3 phantoms
  2 necrophages (D:9)
  3 wolves (D:8)
  4 centaurs
  An eye of draining (D:8)
  An ogre (D:5)
  A crocodile (D:8)
  3 bullfrogs
  3 scorpions
  10 killer bees
  8 wights
  2 howler monkeys
  3 crimson imps
  A jelly (D:5)
  4 orc priests
  A bullfrog zombie (D:5)
  4 human zombies (D:7)
  5 hounds
  6 orc wizards
  A bullfrog skeleton (D:4)
  An iguana (D:8)
  5 worker ants
  Natasha (D:3)
  A human skeleton (D:7)
  A killer bee zombie (D:5)
  A mummy (D:7)
  A howler monkey skeleton (D:6)
  11 adders
  An ooze (D:1)
  An adder zombie (D:6)
  A worm (D:2)
  3 dart slugs (D:2)
  4 leopard geckos
  30 orcs
  5 ball pythons
  8 bats
  4 giant cockroaches
  17 goblins
  12 hobgoblins
  11 jackals
  9 kobolds
  8 quokkas
  4 frilled lizards
  A leopard gecko skeleton (D:6)
  A leopard gecko zombie (D:5)
  An orc skeleton (D:7)
  10 rats
251 creatures vanquished.

Notes
Turn   | Place    | Note
-------+----------+-------------------------------------------
     0 | D:1      | Darkfold the Gargoyle Fighter began the quest for the Orb.
     0 | D:1      | Reached XP level 1. HP: 14/14 MP: 1/1
   207 | D:1      | Reached XP level 2. HP: 19/19 MP: 2/2
   570 | D:1      | Reached XP level 3. HP: 23/23 MP: 3/3
  1473 | D:2      | Found a shadowy altar of Dithmenos.
  1563 | D:2      | Reached XP level 4. HP: 27/29 MP: 4/4
  1788 | D:2      | Reached skill level 4 in Shields
  2150 | D:3      | Noticed ninjaorigami's ghost (amateur GrEE)
  2371 | D:2      | Reached XP level 5. HP: 32/33 MP: 5/5
  2385 | D:3      | Killed ninjaorigami's ghost
  2463 | D:3      | Reached XP level 6. HP: 39/39 MP: 6/6
  2778 | D:3      | Noticed Natasha
  2786 | D:3      | Killed Natasha
  2786 | D:3      | Reached skill level 1 in Axes
  3036 | D:3      | Upgraded the game from 0.20-a0-251-g16a58bf to 0.20-a0-256-gabb291d
  3084 | D:4      | Found a bloodstained altar of Trog.
  3102 | D:4      | Became a worshipper of Trog the Wrathful
  3133 | D:4      | Noticed a slave
  3134 | D:4      | Noticed a slave
  3134 | D:4      | Noticed a slave
  3135 | D:4      | Noticed Pikel
  3135 | D:4      | Noticed a slave
  3177 | D:4      | Killed a slave
  3179 | D:4      | Killed a slave
  3190 | D:4      | Killed a slave
  3190 | D:4      | Killed a slave
  3196 | D:4      | Killed Pikel
  3196 | D:4      | Reached skill level 5 in Fighting
  3196 | D:4      | Reached skill level 5 in Armour
  3196 | D:4      | Reached XP level 7. HP: 14/45 MP: 7/7
  3840 | D:4      | Reached XP level 8. HP: 51/51 MP: 8/8
  4187 | D:5      | Entered Level 5 of the Dungeon
  4276 | D:5      | Reached skill level 1 in Long Blades
  4323 | D:5      | Noticed Grinder
  4800 | D:5      | Paralysed by Grinder for 4 turns
  4816 | D:4      | Reached * piety under Trog
  4853 | D:4      | Reached skill level 5 in Long Blades
  4864 | D:5      | Paralysed by Grinder for 5 turns
  4873 | D:5      | Paralysed by Grinder for 3 turns
  4888 | D:5      | Paralysed by Grinder for 2 turns
  4901 | D:5      | Paralysed by Grinder for 5 turns
  4912 | D:5      | Killed Grinder
  4912 | D:5      | Reached XP level 9. HP: 26/55 MP: 9/9
  5298 | D:6      | Found a staircase to the Ecumenical Temple.
  5414 | D:6      | Noticed a hill giant
  5523 | D:6      | Killed a hill giant
  6171 | D:6      | Found a shimmering altar of Xom.
  6250 | D:6      | Found a snail-covered altar of Cheibriados.
  6357 | D:6      | Reached ** piety under Trog
  7144 | D:7      | Noticed Prince Ribbit
  7211 | D:7      | Killed Prince Ribbit
  7211 | D:7      | Reached skill level 5 in Shields
  7211 | D:7      | Reached XP level 10. HP: 52/60 MP: 10/10
  7274 | D:7      | Found a burning altar of Makhleb.
  7285 | D:7      | Found a glowing golden altar of the Shining One.
  7488 | D:6      | Reached skill level 6 in Shields
  7839 | D:7      | Found a basalt altar of Yredelemnul.
  8035 | D:7      | Reached skill level 7 in Shields
  8248 | D:8      | Gained mutation: You evolve. [mutagenic meat]
  8304 | D:8      | Noticed Grum
  8335 | D:8      | Killed Grum
  8335 | D:8      | Reached *** piety under Trog
  8903 | D:8      | Reached skill level 8 in Shields
  9715 | D:9      | Reached XP level 11. HP: 62/64 MP: 11/11
  9722 | D:9      | Found an iron altar of Okawaru.
  9722 | D:9      | Found a sparkling altar of Nemelex Xobeh.
  9790 | D:9      | Reached skill level 9 in Shields
 10028 | D:9      | Found a hazy altar of Hepliaklqana.
 10146 | D:9      | Reached **** piety under Trog
 10227 | D:9      | Reached skill level 10 in Shields
 10258 | D:9      | Gained mutation: Your flesh is heat resistant. (rF+) [evolution]
 10412 | D:9      | Demolished by a titanic slime creature

Vault maps used:
D:1:      minmay_arrival_checkered_box, minmay_misc_feat_cross, st_stairs_11
D:2:      nicolae_dithmenos_shadow_blocks, first_bread
D:3:      cheibrodos_greedy_goblins, minmay_splitting_lines, minivault_24,
          uniq_natasha
D:4:      kennysheep_mini_moat, uniq_pikel
D:5:      kennysheep_generic_room_10, uniq_grinder
D:6:      lemuel_crystal_altar, nicolae_overflow_crystal_walls, st_stairs_12
D:7:      minitemple, the_bakery, lemuel_mausoleum_altar_yredelemnul,
          uniq_prince_ribbit1
D:8:      uniq_grum
D:9:      lemuel_round_altar, amethyst_overflow_temple_binary, david_orc_4,
          kennysheep_doodads, kennysheep_opposing_triangles

Skill      XL: |  1  2  3  4  5  6  7  8  9 10 11 |
---------------+----------------------------------+-----
Armour         | 4 5 6 9 |  9.4
Fighting       | 4 5 |  5.9
Shields        | 4 5 8 10 | 10.2
Maces & Flails | 3 |  3.8
Axes           | 3 4 |  4.1
Long Blades    | 6 9 |  9.0

Action                   |  1- 3 |  4- 6 |  7- 9 | 10-12 || total
-------------------------+-------+-------+-------+-------++-------
Melee: Flail             |   187 |   128 |       |       ||   315
       Hand axe          |       |   132 |    34 |       ||   166
       Falchion          |       |       |   349 |   612 ||   961
Throw: Javelin           |       |       |     2 |    25 ||    27
Invok: Burn Spellbooks   |       |       |     1 |       ||     1
       Berserk           |       |       |     1 |       ||     1
  Use: Scroll            |     5 |     1 |     3 |     7 ||    16
       Potion            |       |       |     3 |       ||     3
  Eat: Chunk             |     3 |     5 |     4 |     9 ||    21
       Meat ration       |       |       |     1 |       ||     1
       Bread ration      |       |       |     1 |     1 ||     2
Armor: Scale mail        |    18 |       |       |       ||    18
       Plate armour      |   121 |   239 |   262 |   389 ||  1011
Dodge: Dodged            |    30 |    23 |    59 |   109 ||   221
Block: Shield            |   101 |   145 |   211 |   357 ||   814
       Rpst.: Falchion   |       |       |    14 |    30 ||    44
